Map: Turbo Cruise '84 LE

Players

GOReynor (Reynor)

  • Race: Zerg Zerg
  • League: Master
  • Spawn Location: 3:00

llllllllllll (Stats) - Winner!

  • Race: Protoss Protoss
  • League: Master
  • Spawn Location: 7:00

Event: 2019 Assembly Summer

VOD

Have the link to the VOD?

Description

Time

  • Played on: Aug. 2, 2019, 11:11 a.m.
  • Length: 18:45

All games in this series

Show
View Real Time Build Order
Export as new Build Order

GOReynor Zerg 

Build Orders: Hatch First, Swarm Host 

Get SALT Encoding   

  12  0:00  Drone  
  13  0:12  Overlord  
  13  0:17  Drone  
  14  0:30  Drone  
  15  0:45  Hatchery  
  15  0:49  Drone  
  15  0:52  Drone  
  15  0:56  Drone  
  17  1:11  Extractor  
  17  1:13  Drone  
  17  1:17  Spawning Pool  
  16  1:20  Drone  
  17  1:28  Drone  
  18  1:39  Drone  
  19  1:51  Drone  
  20  1:56  Drone  
  21  2:03  Zergling x2  
  21  2:04  Queen x2  
  26  2:08  Zergling x2  
  26  2:11  Overlord  
  27  2:18  Drone  
  28  2:29  Drone  
  29  2:30  Drone  
  30  2:38  Hatchery  
  30  2:39  Drone  
  30  2:45  Metabolic Boost  
  30  2:48  Drone  
  30  2:50  Drone  
  32  2:55  Overlord  
  32  2:57  Drone  
  32  3:01  Drone  
  34  3:05  Zergling x2  
  34  3:11  Drone  
  35  3:14  Drone x3  
  35  3:17  Queen  
  40  3:22  Overlord  
  40  3:24  Drone  
  40  3:27  Drone  
  42  3:33  Drone  
  43  3:38  Overlord  
  43  3:45  Drone x3  
  43  3:46  Drone  
  43  3:47  Spore Crawler  
  43  3:48  Overlord  
  46  3:50  Drone x3  
  49  3:55  Queen  
  49  4:00  Zergling x4  
  53  4:04  Spore Crawler  
  53  4:08  Spore Crawler, Drone x2  
  53  4:16  Drone  
  53  4:17  Drone x3  
  57  4:18  Zergling x2  
  57  4:23  Overlord  
  58  4:24  Drone x2  
  58  4:26  Drone  
  58  4:30  Drone x2  
  58  4:31  Drone  
  62  4:35  Lair  
  62  4:41  Extractor  
  62  4:43  Extractor  
  59  4:45  Drone x2  
  59  4:46  Drone x4  
  59  4:52  Drone x2  
  66  4:53  Drone  
  66  4:58  Queen  
  69  5:03  Roach Warren  
  69  5:06  Overlord  
  68  5:08  Drone  
  68  5:09  Drone x2  
  68  5:12  Evolution Chamber  
  70  5:15  Overlord  
  68  5:23  Drone x7  
  68  5:25  Drone  
  74  5:32  Overlord  
  74  5:38  Zerg Missile Weapons Level 1  
  74  5:40  Extractor  
  74  5:42  Drone  
  74  5:43  Glial Reconstitution, Drone x4  
  74  5:46  Drone x3  
  74  5:48  Extractor  
  74  5:49  Extractor  
  79  5:53  Infestation Pit  
  79  5:56  Drone x6  
  84  5:57  Overlord  
  84  5:59  Drone  
  84  6:05  Roach x2  
  84  6:06  Roach x2  
  84  6:09  Roach x2  
  93  6:13  Roach  
  93  6:14  Queen  
  93  6:15  Roach  
  92  6:22  Roach x2  
  92  6:25  Overlord  
  96  6:29  Ravager, Zergling x10  
  96  6:30  Ravager, Zergling x2  
  104  6:36  Ravager x2  
  104  6:39  Overlord  
  103  6:40  Zergling x6  
  103  6:46  Overlord  
  106  6:50  Overlord  
  106  6:59  Drone x2  
  108  7:02  Drone  
  108  7:05  Overlord  
  105  7:09  Drone  
  105  7:10  Swarm Host x2  
  105  7:11  Swarm Host x3  
  105  7:13  Hatchery  
  120  7:16  Swarm Host x2  
  120  7:18  Roach x2  
  120  7:21  Overlord  
  130  7:23  Overlord  
  130  7:27  Drone x3  
  133  7:31  Swarm Host  
  133  7:36  Overlord  
  136  7:40  Swarm Host x2  
  136  7:41  Swarm Host  
  136  7:42  Swarm Host  
  148  7:48  Swarm Host  
  148  7:50  Overseer  
  151  7:54  Drone x6  
  154  8:02  Roach, Zergling x6  
  154  8:03  Ravager x2  
  154  8:05  Zergling x2  
  162  8:10  Baneling Nest, Overlord  
  159  8:22  Roach x2, Zergling x4  
  159  8:26  Swarm Host x2  
  166  8:28  Overlord  
  166  8:31  Ravager  
  166  8:33  Roach x4  
  175  8:34  Overlord  
  175  8:38  Overlord  
  175  8:41  Drone  
  176  8:44  Overlord  
  176  8:48  Drone x4  
  180  8:49  Zerg Missile Weapons Level 2  
  180  8:54  Ravager  
  180  8:55  Extractor  
  179  8:57  Roach x2, Zergling x10  
  179  8:58  Roach  
  181  9:04  Roach x2, Zergling x2  
  181  9:05  Zergling x6  
  182  9:10  Roach x2, Zergling x2  
  182  9:16  Roach, Zergling x10  
  191  9:20  Centrifical Hooks  
  183  9:26  Roach x2, Zergling x2  
  183  9:27  Ravager  
  183  9:28  Ravager x3  
  183  9:29  Queen  
  188  9:32  Zergling x8  
  188  9:38  Roach x4  
  197  9:42  Ravager  
  197  9:43  Zergling x2  
  175  9:57  Roach x4, Zergling x4  
  175  9:58  Zergling x2  
  172  10:01  Roach x3, Zergling x4  
  171  10:07  Roach x3  
  171  10:10  Roach x3  
  177  10:14  Roach, Zergling x2  
  177  10:18  Ravager x3  
  182  10:25  Overlord x2  
  153  10:43  Roach  
  153  10:44  Roach x8  
  153  10:48  Roach x2  
  169  10:51  Baneling x2  
  169  10:54  Roach x2  
  169  10:55  Roach x2  
  177  10:58  Ravager  
  177  10:59  Roach x3  
  184  11:08  Overlord  
  184  11:12  Overlord  
  182  11:19  Spine Crawler  
  182  11:20  Spine Crawler x2  
  182  11:22  Hive  
  182  11:24  Ravager x2  
  177  11:37  Roach x11  
  184  11:52  Swarm Host x3  
  187  11:59  Swarm Host  
  185  12:05  Drone x2  
  185  12:06  Swarm Host  
  186  12:10  Swarm Host  
  186  12:14  Roach x5, Spine Crawler  
  198  12:32  Spore Crawler  
  195  12:42  Roach x2  
  197  12:59  Extractor  
  197  13:03  Hatchery  
  197  13:05  Overlord x3  
  192  13:14  Roach  
  192  13:18  Hatchery  
  193  13:26  Roach  
  193  13:27  Roach x3  
  197  13:37  Zerg Missile Weapons Level 3  
  193  13:41  Overseer  
  193  13:45  Hatchery  
  193  13:47  Roach x6  
  198  13:53  Spore Crawler, Spire  
  196  13:57  Ravager x2  
  198  14:08  Roach x10  
  197  14:14  Ravager x3  
  190  14:33  Roach x6  
  190  14:37  Roach x4  
  196  14:55  Ravager x4  
  172  15:07  Ravager x2  
  172  15:08  Roach x6  
  172  15:12  Drone x3  
  189  15:17  Ravager x2  
  189  15:20  Corruptor x2  
  189  15:21  Corruptor x2  
  199  15:31  Extractor  
  199  15:33  Overseer x2  
  196  15:37  Corruptor  
  196  15:38  Corruptor, Extractor  
  180  16:02  Ravager  
  180  16:03  Ravager x2  
  180  16:04  Ravager, Zergling x22  
  182  16:05  Queen  
  182  16:09  Ravager x2  
  182  16:10  Zergling x4  
  154  16:33  Corruptor x3  
  154  16:36  Zergling x18  
  154  16:42  Queen  
  154  16:44  Roach  
  154  16:45  Roach, Ravager x2  
  160  16:50  Roach x4  
  160  17:04  Roach x3  
  153  17:19  Roach x2  
  165  17:29  Corruptor x3  
  157  17:35  Ravager  
  157  17:36  Overseer  
  164  17:38  Hatchery  
  163  17:49  Roach x6  
  162  18:03  Corruptor x2  
  151  18:21  Overlord  
  128  18:27  Overlord x2, Ravager x4  
Show
View Real Time Build Order
Export as new Build Order

llllllllllll Protoss - Winner!

Build Orders: 1 Gate Expand, Oracle Opening, Phoenix Opening, Chargelot Immortal 

Get SALT Encoding   

  12  0:00  Probe  
  13  0:12  Probe  
  14  0:19  Pylon  
  14  0:24  Probe  
  15  0:33  Probe  
  15  0:41  Probe  
  16  0:43  Gateway  
  16  0:48  Assimilator  
  17  0:51  Probe  
  18  1:04  Probe  
  19  1:16  Probe  
  20  1:25  Nexus  
  20  1:35  Cybernetics Core  
  20  1:39  Probe  
  21  1:44  Assimilator  
  21  1:51  Probe  
  22  1:55  Pylon  
  22  2:03  Adept, Probe  
  23  2:15  Probe  
  26  2:21  Stargate  
  26  2:26  Warp Gate  
  26  2:27  Probe  
  27  2:32  Adept  
  27  2:33  Probe  
  27  2:35  Probe  
  29  2:41  Probe  
  29  2:43  Probe  
  33  2:51  Probe  
  33  2:53  Probe  
  35  2:58  Phoenix  
  35  3:03  Probe  
  38  3:05  Probe  
  39  3:14  Pylon  
  39  3:15  Oracle, Probe  
  39  3:18  Probe  
  44  3:27  Probe  
  44  3:28  Gateway  
  44  3:30  Probe  
  44  3:34  Assimilator  
  46  3:36  Assimilator  
  46  3:39  Probe  
  47  3:42  Probe  
  47  3:44  Oracle  
  48  3:51  Pylon  
  48  3:54  Probe x2  
  53  4:03  Robotics Facility  
  53  4:04  Pylon  
  53  4:06  Probe  
  53  4:09  Probe  
  55  4:13  Oracle  
  55  4:15  Adept  
  60  4:27  Probe x2, Adept  
  64  4:41  Immortal  
  64  4:50  Probe x2  
  64  4:51  Sentry  
  70  4:55  Gateway x2  
  70  4:57  Pylon  
  68  5:00  Sentry  
  68  5:02  Pylon  
  70  5:18  Observer  
  71  5:25  Sentry x2  
  72  5:30  Nexus  
  72  5:31  Warp Prism  
  72  5:32  Pylon  
  72  5:33  Pylon  
  72  5:37  Probe x2  
  72  5:40  Forge  
  72  5:41  Twilight Council  
  76  5:52  Adept, Sentry x2  
  76  5:55  Zealot  
  76  5:56  Shield Battery  
  84  6:00  Probe x2  
  84  6:20  Charge  
  84  6:21  Stalker x3  
  84  6:22  Stalker  
  84  6:23  Probe x2  
  94  6:35  Protoss Ground Weapons Level 1  
  94  6:40  Probe x2  
  94  6:42  Probe  
  94  6:43  Immortal  
  94  6:46  Robotics Facility  
  101  6:52  Zealot x3, Probe x2  
  101  6:53  Zealot  
  111  6:54  Probe  
  112  7:11  Probe x3  
  112  7:13  Assimilator x2  
  115  7:16  Shield Battery  
  115  7:19  Immortal  
  115  7:20  Pylon  
  115  7:21  Gateway  
  113  7:23  Gateway  
  113  7:29  Pylon x2  
  117  7:33  Shield Battery  
  117  7:38  Immortal  
  117  7:42  Probe x2  
  117  7:43  Probe  
  120  7:47  Templar Archives  
  124  7:58  Probe x3  
  126  8:00  Pylon x2  
  126  8:02  Immortal  
  126  8:04  Shield Battery  
  131  8:13  Zealot x2  
  131  8:18  Zealot x2  
  131  8:19  Psionic Storm  
  139  8:22  Protoss Ground Weapons Level 2  
  125  8:29  High Templar x2  
  129  8:39  High Templar x2, Zealot x2  
  129  8:40  Gateway  
  137  8:41  Gateway  
  137  9:01  Zealot x2  
  137  9:02  Zealot x2  
  132  9:16  High Templar x2  
  128  9:17  Pylon  
  128  9:18  Immortal x2  
  128  9:19  Pylon  
  134  9:30  Zealot x4  
  142  9:41  Zealot  
  144  9:49  Immortal x2  
  144  9:56  Archon  
  150  10:03  Archon  
  140  10:15  High Templar x4  
  140  10:16  Zealot x4, Immortal  
  152  10:22  Immortal  
  156  10:37  Nexus, Pylon  
  148  10:46  Immortal  
  148  10:48  Archon  
  126  10:53  High Templar x4  
  126  10:54  Zealot x3  
  126  10:55  Zealot  
  126  10:56  Immortal  
  150  11:08  Protoss Ground Weapons Level 3  
  149  11:17  Probe x3  
  150  11:22  Zealot x4  
  158  11:28  Zealot x4  
  156  11:53  Nexus  
  156  12:00  Assimilator  
  156  12:01  Assimilator  
  156  12:05  Immortal x2  
  149  12:20  Fleet Beacon  
  149  12:27  Zealot x4  
  149  12:28  High Templar  
  149  12:29  High Templar x3  
  155  12:44  Immortal x2  
  155  12:45  Probe x3  
  155  12:46  Mothership  
  155  12:48  Zealot x4  
  166  12:57  Pylon  
  178  13:16  Zealot x4  
  183  13:25  Probe x2  
  183  13:26  Probe  
  178  13:35  Tempest  
  178  13:39  Stargate  
  179  13:41  Stargate  
  179  13:47  Probe x2  
  179  13:48  Probe  
  179  13:52  Archon x2  
  179  13:56  High Templar x3  
  179  13:57  High Templar  
  179  14:01  Photon Cannon  
  187  14:04  Photon Cannon  
  187  14:06  Shield Battery  
  185  14:20  Tempest  
  178  14:41  Tempest x2  
  176  14:54  Archon  
  176  15:01  Observer x2  
  175  15:18  High Templar  
  175  15:19  High Templar x2, Zealot x4  
  175  15:20  Zealot  
  191  15:26  Nexus  
  191  15:31  Protoss Air Weapons Level 1  
  191  15:33  Cybernetics Core, Protoss Shields Level 1  
  191  15:35  Stargate  
  178  16:03  Probe x4  
  179  16:06  Zealot x2  
  179  16:07  Zealot x6  
  195  16:14  Robotics Bay  
  183  16:39  Pylon  
  183  16:41  High Templar x3  
  183  16:42  High Templar, Assimilator  
  183  16:44  Carrier  
  183  16:47  Assimilator  
  191  16:58  Carrier x2  
  191  16:59  Carrier  
  193  17:05  Archon x2  
  184  17:31  Probe  
  184  17:32  Probe x2  
  184  17:33  Probe  
  184  17:35  Nexus  
  188  17:40  Carrier, Photon Cannon  
  188  17:41  Photon Cannon  
  188  17:43  Zealot x2  
  192  17:45  Shield Battery x2  
  190  18:13  Nexus, Pylon  
  182  18:23  Nexus  
  182  18:24  Pylon  
  176  18:34  Pylon  
  176  18:37  Pylon  
  176  18:39  Pylon  
Tags
 
Add a new tag
Caveats
  • Supply blocks, unpowered buildings, or Contaminate may cause inaccurate times.
  • Supply counts are checked every 10 seconds.